 Dungeon Sprint DCSS version 0.31.0-12-g77e489cdc1 (webtiles) character file.

Game seed: 16369613064890723354

751 Heoruswealwe the Spear-Bearer (level 7, -6/73 HPs)
             Began as a Minotaur Fighter on Feb 21, 2024.
             Was an Initiate of Gozag.
             Killed from afar by an acid dragon (25 damage)
             ... with a splash of acid
             ... in the Dungeon (Sprint IX: "|||||||||||||||||||||||||||||").
             The game lasted 00:02:11 (154 turns).

Heoruswealwe the Spear-Bearer (Minotaur Fighter)     Turns: 154, Time: 00:02:12

Health: -6/73      AC: 25    Str: 25    XL:     7   Next: 49%
Magic:  6/6        EV:  7    Int:  5    God:    Gozag
Gold:   0          SH:  0    Dex: 10    Spells: 6/6 levels left

rFire   . . .        b - +2 halberd (protect)
rCold   . . .        (shield currently unavailable)
rNeg    . . .        c - +0 plate armour
rPois   .            (helmet restricted)
rElec   .            (no cloak)
rCorr   .            (no gloves)
SInv    .            e - +0 pair of boots
Will    .....        (no amulet) Stlth
                     k - +3 ring of strength
HPRegen 0.32/turn    j - +2 ring of protection
MPRegen 0.10/turn

%: no teleportation
@: under a protective aura
A: horns 2, retaliatory headbutt
a: Renounce Religion, Potion Petition, Call Merchant, Bribe Branch


You were in the Dungeon.
You worshipped Gozag.
Gozag was noncommittal.
You visited 1 branch

Inventory:

Hand Weapons
 a - a +0 trident
 b - a +2 halberd of protection (weapon)
Armour
 c - a +0 plate armour (worn)
 d - a +0 buckler
 e - a +0 pair of boots (worn)
Jewellery
 j - a +2 ring of protection (right hand)
 k - a +3 ring of strength (left hand)
Wands
 h - a wand of acid (10)
Scrolls
 m - 2 scrolls of blinking
Potions
 f - 3 potions of heal wounds
 g - a potion of haste
 i - a potion of berserk rage
 l - a potion of might
 n - 4 potions of curing


   Skills:
 + Level 10.5 Fighting
 * Level 14.0 Polearms
 + Level 10.5 Armour
 - Level 3.6 Shields


You had 6 spell levels left.
You didn't know any spells.
Your spell library was empty.

Dungeon Overview and Level Annotations

Branches:
Dungeon (1/1)

Altars:
Cheibriados
Dithmenos
Elyvilon
Fedhas
Gozag
Hepliaklqana
Kikubaaqudgha
Makhleb
Nemelex Xobeh
Okawaru
Qazlal
Ru
Sif Muna
Trog
Uskayaw
Vehumet
Wu Jian
Xom
Yredelemnul
Zin
The Shining One
Jiyva
Lugonu


Innate Abilities, Weirdness & Mutations

You have a pair of horns on your head.
You reflexively headbutt those who attack you in melee.


Message History

The two-headed ogre is distracted by your dazzling golden aura.
The two-headed ogre shouts in stereo!
You hit the killer bee.
The killer bee is moderately wounded.
The killer bee stings you but does no damage.
You completely miss the killer bee.
The killer bee is moderately wounded.
The killer bee stings you but does no damage.
The komodo dragon hisses menacingly.
The killer bee stings you but does no damage.
You puncture the killer bee!
The killer bee is almost dead.
The killer bee barely misses you.
The killer bee stings you but does no damage.
You barely miss the killer bee. Your headbutt misses the killer bee.
The killer bee is almost dead.
The two-headed ogre is no longer distracted by gold.
The killer bee stings you but does no damage.
You hit the killer bee but do no damage.
The killer bee is almost dead.
The killer bee stings you but does no damage. x2
You miss the killer bee.
The killer bee is almost dead.
The killer bee stings you but does no damage.
You miss the killer bee.
The killer bee is almost dead.
The killer bee stings you but does no damage.
The killer bee barely misses you.
You hit the killer bee.
You kill the killer bee!
Your Polearms skill increases to level 14!
You barely miss the acid dragon. Your headbutt misses the acid dragon.
The acid dragon bites you but does no damage.
The acid dragon claws you but does no damage.
You slash the acid dragon!
The acid dragon is heavily wounded.
The acid dragon spits acid at you. The splash of acid hits you!!
You die...
Your body crumbles into a pile of gold.

▓!▓
▓?▓
▓)▓
▓[▓
▓[▓
▓.▓
▓.▓
▓.▓
▓@▓
▓D▓
▓T▓
▓O▓
▓l▓
▓.▓
▓.▓
▓.▓


You could see a two-headed ogre, a komodo dragon, a troll and an acid dragon
(catching breath).

Vanquished Creatures
  A two-headed ogre (D)
  A scorpion (D)
  A killer bee (D)
  2 iguanas (D)
  An adder (D)
  A ribbon worm (D)
  A hobgoblin (D)
  A bat (D)
  A goblin (D)
  2 rats (D)
12 creatures vanquished.

Notes
Turn   | Place    | Note
-------+----------+-------------------------------------------
     0 | D        | Heoruswealwe the Minotaur Fighter began the quest for the
                  | Orb.
     0 | D        | Reached XP level 1. HP: 19/19 MP: 0/0
    10 | D        | Reached skill level 3 in Polearms
    25 | D        | Noticed an iguana
    25 | D        | Noticed a scorpion
    25 | D        | Noticed an iguana
    30 | D        | Reached skill level 4 in Polearms
    30 | D        | Reached XP level 2. HP: 28/28 MP: 1/1
    36 | D        | Reached skill level 5 in Fighting
    36 | D        | Reached skill level 6 in Polearms
    36 | D        | Reached skill level 5 in Armour
    36 | D        | Reached XP level 3. HP: 26/36 MP: 2/2
    49 | D        | Killed a scorpion
    50 | D        | Reached skill level 7 in Polearms
    50 | D        | Reached XP level 4. HP: 27/45 MP: 3/3
    52 | D        | Reached skill level 8 in Polearms
    63 | D        | Found a snail-covered altar of Cheibriados.
    63 | D        | Found a shadowy altar of Dithmenos.
    63 | D        | Found a white marble altar of Elyvilon.
    63 | D        | Found a blossoming altar of Fedhas.
    63 | D        | Found an opulent altar of Gozag.
    64 | D        | Found a hazy altar of Hepliaklqana.
    65 | D        | Found a viscous altar of Jiyva.
    66 | D        | Found an ancient bone altar of Kikubaaqudgha.
    67 | D        | Found a corrupted altar of Lugonu.
    68 | D        | Found a burning altar of Makhleb.
    69 | D        | Found a sparkling altar of Nemelex Xobeh.
    70 | D        | Found an iron altar of Okawaru.
    71 | D        | Became a worshipper of Gozag Ym Sagoz the Greedy
    72 | D        | Found a stormy altar of Qazlal.
    73 | D        | Found a sacrificial altar of Ru.
    74 | D        | Found a shimmering blue altar of Sif Muna.
    75 | D        | Found a bloodstained altar of Trog.
    76 | D        | Found a hide-covered altar of Uskayaw.
    77 | D        | Found a radiant altar of Vehumet.
    78 | D        | Found an ornate altar of the Wu Jian Council.
    79 | D        | Found a shimmering altar of Xom.
    80 | D        | Found a basalt altar of Yredelemnul.
    81 | D        | Found a glowing silver altar of Zin.
    82 | D        | Found a glowing golden altar of the Shining One.
   136 | D        | Noticed a two-headed ogre
   136 | D        | Noticed an acid dragon
   136 | D        | Noticed a troll
   136 | D        | Noticed a two-headed ogre
   136 | D        | Noticed a komodo dragon
   143 | D        | Killed a two-headed ogre
   144 | D        | Reached skill level 10 in Fighting
   144 | D        | Reached skill level 13 in Polearms
   144 | D        | Reached skill level 10 in Armour
   144 | D        | Reached XP level 5. HP: 13/59 MP: 4/4
   144 | D        | Reached XP level 6. HP: 15/67 MP: 5/5
   144 | D        | Reached XP level 7. HP: 16/73 MP: 6/6
   153 | D        | Reached skill level 14 in Polearms
   154 | D        | Killed from afar by an acid dragon

Illustrated notes

Levels and vault maps discovered:
D:        linesprint [early_d, line_temple, items_1, d_10, items_2, lair_1,
          lair_end, items_3, orc_1, orc_end, items_4, d_15, swamp_1, shoals_1,
          snake_1, spider_1, d_20, vaults_1, items_5, swamp_end, shoals_end,
          snake_end, spider_end, vaults_end, d_27, items_6, zot_1, zot_end,
          crypt_end, forest_end, elf_end, slime_end, tomb_end, abyss_end,
          pan_hell_end]

Skill      XL: |  1  2  3  4  5  6  7 |
---------------+----------------------+-----
Polearms       | 4 6 7 13 14 | 14.0
Fighting       | 4 5 6 10 | 10.5
Armour         | 4 5 6 10 | 10.5
Shields        | |  3.6

Action                     |  1- 3 |  4- 6 |  7- 9 || total
---------------------------+-------+-------+-------++-------
  Melee: Trident           |    34 |     6 |       ||    40
         Headbutt          |     6 |     6 |       ||    12
         Halberd           |       |     7 |    11 ||    18
    Use: Potion            |     1 |       |       ||     1
 Armour: Scale mail        |    19 |     1 |       ||    20
         Plate armour      |       |     8 |    13 ||    21
  Dodge: Dodged            |    15 |     3 |     3 ||    21
  Block: Buckler           |    11 |       |       ||    11
